 Dungeon Crawl Stone Soup version 0.27.1-33-g824d729ab1 (webtiles) character file.

Game seed: 10064210177217846512

321 Stomo444 the Cudgeller (level 6, -3/32 HPs)
             Began as a Vine Stalker Fighter on Dec 20, 2021.
             Was a Believer of Qazlal.
             Slain by an ogre (21 damage)
             ... on level 4 of the Dungeon.
             The game lasted 00:06:47 (3325 turns).

Stomo444 the Cudgeller (Vine Stalker Fighter)       Turns: 3325, Time: 00:06:47

Health: -3/32      AC: 13    Str: 21    XL:     6   Next: 46%
Magic:  0/7        EV:  8    Int:  8    God:    Qazlal [**....]
Gold:   253        SH: 13    Dex: 13    Spells: 5/5 levels left

rFire    . . .     SeeInvis .   a - +0 flail
rCold    . . .     Faith    .   c - +1 kite shield
rNeg     . . .     Spirit   +   b - +0 scale mail
rPois    .         Reflect  .   (no helmet)
rElec    .         Harm     .   j - +2 cloak
rCorr    .         Rampage  .   h - +2 pair of gloves
Will     .....                  (no boots)
Stlth    ..........             e - amulet of regeneration
HPRegen  2.10/turn              (no ring)
MPRegen  0.10/turn              (no ring)

@: no status effects
A: fangs 2, regeneration 1, magic shield, antimagic bite, no potion heal 2
a: Renounce Religion, Upheaval


You were on level 4 of the Dungeon.
You worshipped Qazlal.
Qazlal was pleased with you.
You visited 1 branch of the dungeon, and saw 4 of its levels.
You also visited: Sewer.

You collected 253 gold pieces.

Inventory:

Hand Weapons
 a - a +0 flail (weapon)
Armour
 b - a +0 scale mail (worn)
 c - a +1 kite shield (worn)
 h - a +2 pair of gloves (worn)
 j - a +2 cloak (worn)
Jewellery
 e - an amulet of regeneration (around neck)
Scrolls
 i - a scroll of enchant armour
 k - a scroll of amnesia
 m - 3 scrolls of teleportation
Potions
 d - 5 potions of might
 f - a potion of flight {unknown}
 g - a potion of lignification {unknown}
 o - a potion of curing {unknown}
 q - 2 potions of heal wounds {unknown}
 r - 3 potions of haste {unknown}
 s - a potion of invisibility {unknown}
 t - a potion of magic {unknown}
 u - a potion of cancellation {unknown}
 v - 2 potions of mutation {unknown}
Miscellaneous
 n - a box of beasts


   Skills:
 + Level 3.6 Fighting
 * Level 3.7 Maces & Flails
 + Level 3.1 Armour
 + Level 1.8 Dodging
 + Level 3.6 Shields


You had 5 spell levels left.
You didn't know any spells.
Your spell library contained the following spells:

 Spells                   Type           Power      Damage    Failure   Level
 Animate Skeleton         Necr           0%         N/A       99%         1
 Beastly Appendage        Tmut           0%         N/A       99%         1
 Pain                     Necr           0%         1d4       99%         1
 Shock                    Conj/Air       0%         1d3       99%         1
 Sting                    Tmut/Pois      0%         1d3       99%         1
 Summon Small Mammal      Summ           0%         N/A       99%         1
 Poisonous Vapours        Pois/Air       0%         N/A       100%        2
 Wereblood                Tmut           0%         N/A       100%        2
 Call Canine Familiar     Summ           0%         N/A       100%        3
 Spider Form              Tmut/Pois      0%         N/A       100%        3
 Summon Guardian Golem    Hex/Summ       0%         N/A       100%        3
 Swiftness                Air            0%         N/A       100%        3
 Vampiric Draining        Necr           0%         2d6       100%        3
 Airstrike                Air            0%         N/A       100%        4
 Olgreb's Toxic Radiance  Pois           0%         N/A       100%        4


Dungeon Overview and Level Annotations

Branches:
Dungeon (4/15)              Sewer (visited)
 Temple: D:4-7

Altars:
Qazlal

Shops:
D:3 (

Annotations:
D:2 1 runed translucent door, Crazy Yiuf
D:4 Natasha


Innate Abilities, Weirdness & Mutations

You have extremely sharp teeth.
Your natural rate of healing is unusually fast.
When hurt, damage is shared between your health and your magic reserves.
Your bite disrupts and absorbs the magic of your enemies.
Potions cannot restore your health.


Message History

Okay, then.
You feel your willpower return. Why would you want to do that?
There is a gate leading back out of this place here.
Welcome back to the Dungeon!
There is a collapsed entrance here.
You enter the shallow water.
Moving in this stuff is going to be slow.
Found a pair of gloves.
Found a blue potion.
An ogre comes into view. It is wielding a +0 giant club.
An ogre is nearby!
Natasha, Servant of Life and Death comes into view.
Found 19 gold pieces.
Found a stone staircase leading down.
Natasha hisses angrily.
You hear a shout!
Natasha extends her claws.
Natasha growls.
You see here a +0 pair of gloves.
You hit the ogre. You bite the ogre. You drain its power.
The ogre is moderately wounded.
The ogre hits you with a +0 giant club!
Natasha drinks a potion.
Natasha seems to grow stronger.
Unknown command.
Unknown command.
You hit the ogre. Your bite misses the ogre.
The ogre is moderately wounded.
The ogre hits you with a +0 giant club.
Natasha casts a spell.
Unknown command.
You sock the ogre!
The ogre is severely wounded.
The ogre hits you with a +0 giant club! Natasha casts a spell at you.
You easily resist.
Unknown command.
You hit the ogre.
The ogre is severely wounded.
The ogre hits you with a +0 giant club!!
Ouch! That really hurt!
You die...

#.#### ##....# ##
###..#..## #. .....#...#
#.####..##..##
#.((.........##
#.............#
#....≈≈≈......##
#..≈≈≈≈≈..☼@○h#
#..≈≈.≈≈..##O.##
#..≈≈≈≈≈..##[5.#
#...≈≈≈...###..##
#.........# #...#
#.........# ##..##
####..##### ##..#######
###....# #.........
###.†.#..................#


You could see an ogre, Natasha (strong) and a crimson imp (summoned).

Vanquished Creatures
  An iguana (D:4)
  3 gnolls (D:3)
  9 river rats
  6 adders
  4 worms
  4 dart slugs
  4 orcs (D:3)
  16 ball pythons
  2 bats (D:2)
  4 endoplasms
  4 giant cockroaches
  3 goblins
  4 hobgoblins
  10 jackals
  2 quokkas
  4 frilled lizards
  18 kobolds
  21 rats
119 creatures vanquished.

Notes
Turn   | Place    | Note
-------+----------+-------------------------------------------
     0 | D:1      | Stomo444 the Vine Stalker Fighter began the quest for the
                  | Orb.
     0 | D:1      | Reached XP level 1. HP: 11/11 MP: 2/2
   122 | D:1      | Reached XP level 2. HP: 8/16 MP: 1/3
   531 | D:1      | Reached XP level 3. HP: 19/19 MP: 4/4
   881 | D:2      | Found a faded altar of an unknown god.
  1113 | D:2      | Gained mutation: Your natural rate of healing is unusually
                  | fast. [Vine Stalker growth]
  1113 | D:2      | Reached XP level 4. HP: 24/24 MP: 5/5
  1123 | D:2      | Found a stormy altar of Qazlal.
  1182 | D:2      | Became a worshipper of Qazlal Stormbringer
  1269 | D:2      | Found a runed translucent door.
  1270 | D:2      | Noticed Crazy Yiuf
  1421 | D:2      | Reached skill level 1 in Dodging
  2003 | D:3      | Found Hofex's Weapon Shoppe.
  2042 | D:3      | Reached XP level 5. HP: 28/28 MP: 6/6
  2416 | D:4      | Reached * piety under Qazlal
  2537 | D:4      | Found a glowing drain.
  2576 | Sewer    | Entered a sewer
  2673 | Sewer    | Reached XP level 6. HP: 32/32 MP: 7/7
  2791 | Sewer    | Reached ** piety under Qazlal
  3312 | D:4      | Noticed Natasha
  3325 | D:4      | Slain by an ogre

Illustrated notes

Levels and vault maps discovered:
D:1:      psy_arrival_whirlpool, layout_basic
D:2:      layout_loops_ring, basic_altar, basic_ecumenical_altar,
          serial_aquarium, aquarium_bridge_long_joined
          [aquarium_subvault_bridge, aquarium_subvault_bridge,
          aquarium_subvault_window, aquarium_subvault_balcony,
          aquarium_subvault_bridge, aquarium_subvault_wall], aquarium_window_1,
          aquarium_window_fake, aquarium_view_2d, aquarium_pool_four,
          wad_floor_pattern_2, uniq_crazy_yiuf_cottage
D:3:      layout_basic, serial_shops, shop, chequers_serial_rivers_small_3,
          lemuel_flame_loot_1
D:4:      layout_cave_pods, lemuel_doored_altar, portal_sewer_entry_a,
          uniq_natasha

Skill      XL: |  1  2  3  4  5 |
---------------+----------------+-----
Maces & Flails | 2 3 |  3.7
Shields        | 3 |  3.6
Fighting       | 3 |  3.6
Dodging        | 1 |  1.8
Armour         | 3 |  3.1

Action                   |  1- 3 |  4- 6 || total
-------------------------+-------+-------++-------
Melee: Flail             |    96 |   221 ||   317
       Bite              |    28 |    66 ||    94
  Use: Scroll            |       |     5 ||     5
Armor: Scale mail        |    52 |   153 ||   205
Dodge: Dodged            |    27 |    93 ||   120
Block: Kite shield       |    49 |   194 ||   243
